 Dungeon Crawl Stone Soup version 0.27.1-4-g1640c2035a (webtiles) character file.

Game seed: 6672391052228249150

4224 pkoi the Blocker (level 10, -3/83 HPs)
             Began as a Minotaur Fighter on Nov 9, 2021.
             Was an Elder of Okawaru.
             Slain by a six-headed hydra (14 damage)
             ... on level 8 of the Dungeon.
             The game lasted 00:08:48 (9759 turns).

pkoi the Blocker (Minotaur Fighter)                 Turns: 9759, Time: 00:08:49

Health: -3/83      AC:  4    Str: 25    XL:     10   Next: 9%
Magic:  0/14       EV:  9    Int:  5    God:    Okawaru [****..]
Gold:   419        SH: 12    Dex:  9    Spells: 9/9 levels left

rFire    . . .     SeeInvis .   a - +0 long sword (venom)
rCold    . . .     Faith    .   c - +0 kite shield
rNeg     . . .     Spirit   +   b - +0 scale mail
rPois    .         Reflect  .   (helmet restricted)
rElec    .         Harm     .   (no cloak)
rCorr    .         Rampage  .   y - +0 pair of gloves
Will     .....                  (no boots)
Stlth    ..........             o - amulet of guardian spirit
HPRegen  0.23/turn              (no ring)
MPRegen  0.14/turn              (no ring)

@: corroded
A: horns 2, retaliatory headbutt
a: Renounce Religion, Heroism


You were on level 8 of the Dungeon.
You worshipped Okawaru.
Okawaru was greatly pleased with you.
You visited 2 branches of the dungeon, and saw 9 of its levels.

You collected 419 gold pieces.

Inventory:

Hand Weapons
 a - a +0 long sword of venom (weapon)
Missiles
 g - 3 curare-tipped darts
 l - 5 javelins (quivered)
 u - 6 boomerangs
Armour
 b - a +0 scale mail (worn)
 c - a +0 kite shield (worn)
 y - a +0 pair of gloves (worn)
Jewellery
 n - a ring of fire
 o - an amulet of guardian spirit (around neck)
Wands
 p - a wand of acid (3)
 w - a wand of mindburst (14)
 x - a wand of iceblast (10)
 z - a wand of paralysis (9)
Scrolls
 f - a scroll of brand weapon
 j - 5 scrolls of identify
 s - a scroll of magic mapping
Potions
 d - a potion of might
 e - a potion of heal wounds
 h - a potion of magic {unknown}
 i - a potion of flight {unknown}
 k - 3 potions of degeneration {unknown}
 m - 3 potions of brilliance {unknown}
 q - 2 potions of mutation {unknown}
 r - 3 potions of curing {unknown}
 v - a potion of attraction {unknown}
 A - a potion of haste {unknown}


   Skills:
 + Level 5.6 Fighting
 + Level 10.1 Long Blades
 + Level 5.6 Armour
 + Level 10.5 Shields
 + Level 7.0 Invocations


You had 9 spell levels left.
You didn't know any spells.
Your spell library contained the following spells:

 Spells                   Type           Power      Damage    Failure   Level
 Sting                    Tmut/Pois      0%         1d3       91%         1
 Slow                     Hex            0%         N/A       97%         2
 Confusing Touch          Hex            0%         N/A       99%         3
 Alistair's Intoxication  Tmut/Pois      0%         N/A       100%        5
 Irradiate                Conj/Tmut      0%         3d13      100%        5
 Yara's Violent Unravell  Hex/Tmut       0%         3d3       100%        5
 Dragon Form              Tmut           0%         N/A       100%        7


Dungeon Overview and Level Annotations

Branches:
Dungeon (8/15)             Temple (1/1) D:6
   Lair: D:8-11

Altars:
Cheibriados
Dithmenos
Elyvilon
Fedhas
Gozag
Hepliaklqana
Kikubaaqudgha
Makhleb
Nemelex Xobeh
Okawaru
Qazlal
Ru
Sif Muna
Trog
Uskayaw
Vehumet
Wu Jian
Xom
Yredelemnul
Zin
The Shining One

Shops:
D:2 ?


Innate Abilities, Weirdness & Mutations

You have a pair of horns on your head.
You reflexively headbutt those who attack you in melee.


Message History

A centaur zombie comes into view.
The acid dragon closely misses you. x2
Unknown command.
Okay, then.
Okay, then.
Unknown command.
Okay, then.
Unknown command.
Aiming: Corrosive Bolt
Press: ? - help, Shift-Dir - straight line, f - six-headed hydra
Aim: a six-headed hydra (90% to hit)
The bolt of acid hits the acid dragon.
You kill the acid dragon!
Okawaru accepts your kill.
The acid dragon scales are intact enough to wear.
The bolt of acid hits the six-headed hydra!
The six-headed hydra is splashed with acid.
The acid corrodes the six-headed hydra!
The six-headed hydra is moderately wounded.
Unknown command.
Unknown command.
Aiming: Corrosive Bolt
Press: ? - help, Shift-Dir - straight line, f/p - six-headed hydra
Aim: a six-headed hydra (moderately wounded, covered in acid, 90% to hit)
The bolt of acid hits the six-headed hydra!
The six-headed hydra is splashed with acid.
The six-headed hydra is heavily wounded.
The bolt of acid hits the centaur zombie!
The centaur zombie is splashed with acid.
The acid corrodes the centaur zombie!
The centaur zombie is moderately damaged.
The six-headed hydra bites you!
* * * LOW HITPOINT WARNING * * *
You block the six-headed hydra's attack. x2
The six-headed hydra bites you.
* * * LOW HITPOINT WARNING * * *
The six-headed hydra bites you!
* * * LOW HITPOINT WARNING * * *
The six-headed hydra bites you!
You die...

#..........###. #
#....>......... #.
#..............
#.###..........####
#...#...).......)#
#............#.#
#...[.......#..#
####....########.#
#@DZ.##.....# ..
#########..######.#
.. #.......[..# ##
#....(.....# #8
#.......$#...# ..
#........###.# #8
#.......D....#
#........###.#
#........#


You could see a six-headed hydra (corroded) and a centaur zombie (corroded).

Vanquished Creatures
  Grinder (D:5)
  9 yaks
  Eustachio (D:6)
  An acid dragon (D:8)
  A water moccasin (D:8)
  3 ice beasts
  An orc warrior (D:7)
  A hornet zombie (D:5)
  A black bear (D:6)
  3 necrophages
  An ogre (D:5)
  2 centaurs
  A phantom (D:4)
  A bullfrog (D:6)
  A scorpion (D:6)
  A water moccasin zombie (D:6)
  5 wights
  3 bullfrog zombies (D:6)
  A human zombie (D:6)
  3 centaur zombies
  3 hounds
  3 centaur skeletons
  A jelly (D:5)
  An iguana (D:5)
  Ijyb (D:4)
  An orc wizard (D:7)
  3 killer bee zombies (D:6)
  A mummy (D:6)
  A howler monkey zombie (D:6)
  Robin (D:3)
  7 gnolls
  7 adders
  A shadow imp (D:6)
  A white imp (D:4)
  An adder zombie (D:5)
  3 worms
  A dart slug (D:4)
  13 orcs
  7 bats
  10 endoplasms
  5 giant cockroaches
  16 goblins
  12 hobgoblins
  3 jackals (D:2)
  3 kobolds (D:2)
  3 quokkas (D:1)
  6 ball pythons
  5 frilled lizards
  3 rats
164 creatures vanquished.

Vanquished Creatures (others)
  4 plants (D:3)
  3 withered plants (D:3)
7 creatures vanquished.

Grand Total: 171 creatures vanquished

Notes
Turn   | Place    | Note
-------+----------+-------------------------------------------
     0 | D:1      | pkoi the Minotaur Fighter began the quest for the Orb.
     0 | D:1      | Reached XP level 1. HP: 19/19 MP: 0/0
   567 | D:1      | Reached XP level 2. HP: 26/26 MP: 1/1
  1627 | D:2      | Found Qerphyr's Magic Scroll Emporium.
  1634 | D:2      | Reached XP level 3. HP: 24/31 MP: 2/2
  2285 | D:3      | Found a burning altar of Makhleb.
  2286 | D:3      | Noticed a balrug
  2434 | D:3      | Found a faded altar of an unknown god.
  2521 | D:3      | Got Cienn's Guide on Transmutation
  2545 | D:3      | Found a sacrificial altar of Ru.
  2548 | D:3      | Noticed Robin
  2568 | D:3      | Reached XP level 4. HP: 29/39 MP: 3/3
  2582 | D:3      | Reached skill level 5 in Shields
  2592 | D:3      | Killed Robin
  2783 | D:3      | Found an iron altar of Okawaru.
  2844 | D:3      | Found a sparkling altar of Nemelex Xobeh.
  2861 | D:3      | Became a worshipper of Warmaster Okawaru
  3247 | D:4      | Noticed a necrophage
  3260 | D:4      | Killed a necrophage
  3261 | D:4      | Reached skill level 5 in Long Blades
  3261 | D:4      | Reached XP level 5. HP: 29/45 MP: 4/4
  3494 | D:4      | Found a white marble altar of Elyvilon.
  3724 | D:4      | Reached XP level 6. HP: 49/51 MP: 5/5
  3821 | D:4      | Reached * piety under Okawaru
  3822 | D:4      | Reached skill level 1 in Invocations
  3939 | D:4      | Noticed Ijyb
  3947 | D:4      | Killed Ijyb
  4457 | D:5      | Entered Level 5 of the Dungeon
  4476 | D:4      | HP: 1/51 [white imp (3)]
  4479 | D:4      | Reached XP level 7. HP: 1/57 MP: 0/7
  5178 | D:5      | Noticed Grinder
  5336 | D:5      | Found a glowing silver altar of Zin.
  5337 | D:5      | Noticed an angel
  5379 | D:5      | Reached ** piety under Okawaru
  5450 | D:5      | Killed Grinder
  5451 | D:5      | Reached XP level 8. HP: 30/64 MP: 4/10
  5886 | D:6      | Reached skill level 5 in Invocations
  6188 | D:6      | Found a snail-covered altar of Cheibriados.
  6359 | D:6      | Reached *** piety under Okawaru
  6360 | D:6      | Reached XP level 9. HP: 54/69 MP: 9/12
  6631 | D:6      | Found a staircase to the Ecumenical Temple.
  6787 | Temple   | Entered the Ecumenical Temple
  7344 | D:6      | Found a basalt altar of Yredelemnul.
  7630 | D:6      | Noticed Eustachio
  7636 | D:6      | Killed Eustachio
  7637 | D:6      | Reached skill level 10 in Shields
  7822 | D:7      | Reached **** piety under Okawaru
  7864 | D:7      | Found a shadowy altar of Dithmenos.
  8114 | D:7      | Found a radiant altar of Vehumet.
  8556 | D:8      | Reached skill level 5 in Fighting
  8556 | D:8      | Reached skill level 5 in Armour
  9455 | D:7      | Reached skill level 10 in Long Blades
  9540 | D:7      | Reached XP level 10. HP: 58/81 MP: 11/14
  9747 | D:8      | Noticed a six-headed hydra
  9759 | D:8      | Slain by a six-headed hydra

Illustrated notes

Levels and vault maps discovered:
D:1:      dpeg_arrival_round_a, layout_loops_cross, serial_co_window_serial,
          co_window_corner_a, co_window_corner_a, co_window_of_opportunity_a,
          co_window_cross_1, co_window_corner_a, co_window_of_opportunity_a,
          co_window_paths_b, co_window_corner_ca, co_window_cross_3,
          co_window_broadway_a, co_window_paths_c, co_window_corner_b,
          co_window_2corner, glass_columns_b, glass_columns_a, glass_columns_a,
          glass_columns_b, amethyst_killhole, minmay_misc_feat_tiny,
          wander_ebering_terrifying_dragon_lair
D:2:      layout_basic, serial_shops, nicolae_shop_crystal,
          minmay_misc_feat_four_crosses
D:3:      layout_loops_ring, nemelex_diamond_rough_becter,
          makhleb_altar_promises_db, mainiacjoe_overflow_catch_the_wave,
          shapermc_ecumenical_altar_flowoftime, st_stairs_4, uniq_robin
D:4:      layout_rooms, elyvilon_altar_5, uniq_ijyb
D:5:      layout_cave_pools, zin_angel, uniq_grinder
D:6:      layout_loops_ring, cheibriados_altar_1,
          lemuel_mausoleum_altar_yredelemnul, minmay_temple_entry_glassed_door,
          uniq_eustachio
D:7:      layout_loops_ring, nicolae_dithmenos_shadow_blocks, vehumet_crystals,
          patterned_corridor
D:8:      layout_rooms, dk_noncrumbling_2, uniq_joseph, uniq_grum
Temple:   minmay_temple_curvy_loop

Skill      XL: |  1  2  3  4  5  6  7  8  9 10 |
---------------+-------------------------------+-----
Shields        | 4 5 6 8 9 10 | 10.5
Long Blades    | 3 4 5 6 7 8 10 | 10.1
Invocations    | 2 4 5 6 7 |  7.0
Fighting       | 5 |  5.6
Armour         | 5 |  5.6

Action                   |  1- 3 |  4- 6 |  7- 9 | 10-12 || total
-------------------------+-------+-------+-------+-------++-------
Melee: Long sword        |   113 |   146 |   272 |     8 ||   539
       Headbutt          |    15 |    32 |    84 |     2 ||   133
Evoke: Wand              |       |       |       |     2 ||     2
  Use: Scroll            |     5 |       |     1 |     2 ||     8
Armor: Scale mail        |    52 |    35 |    67 |     2 ||   156
Dodge: Dodged            |    40 |    41 |    78 |     6 ||   165
Block: Kite shield       |    56 |    70 |   144 |     9 ||   279
       Rpst.: Long sword |    10 |    11 |    18 |       ||    39
